 Dungeon Crawl Stone Soup version 0.18-a0-1730-g73f0523 (webtiles) character file.

53 abixa the Ruffian (level 3, -5/33 HPs)
             Began as a Troll Warper on Apr 10, 2016.
             Slain by a gnoll
             ... wielding a +0 flail
              (20 damage)
             ... on level 2 of the Dungeon.
             The game lasted 00:02:03 (873 turns).

abixa the Ruffian (Troll Warper)                     Turns: 873, Time: 00:02:04

Health: -5/33      AC:  5    Str: 19    XL:     3   Next: 62%
Magic:  3/3        EV: 10    Int: 10    God:
Gold:   74         SH:  0    Dex:  9    Spells: 1 memorised, 3 levels left

rFire  . . .     SeeInvis .       - Unarmed
rCold  . . .     Gourm    +     a - +0 robe
rNeg   . . .     Faith    .     (no shield)
rPois  .         Spirit   .     (helmet restricted)
rElec  .         Dismiss  .     (no cloak)
rCorr  .         Reflect  .     (gloves unavailable)
SustAt .         Harm     +     (boots unavailable)
MR     .....                    d - amulet of harm
Stlth  +.........               (no ring)
                                (no ring)

@: not resistant to hostile enchantments, very unstealthy
A: unfitting armour, claws 3, fast metabolism 3, gourmand, regeneration 2,
shaggy fur 1, tough skin 2
a: no special abilities


You were on level 2 of the Dungeon.
You were full.

You visited 1 branch of the dungeon, and saw 2 of its levels.

You collected 74 gold pieces.

Inventory:

Missiles
 g - 94 stones (quivered)
 x - 5 tomahawks of dispersal
Armour
 a - a +0 robe (worn)
Jewellery
 d - an amulet of harm (around neck)
 i - a +2 ring of intelligence {unknown}
Scrolls
 c - a scroll of blinking
 e - 2 scrolls of identify {unknown}
Potions
 h - 4 potions of curing {unknown}
 j - a potion of degeneration {unknown}
 k - a potion of cancellation {unknown}
Books
 b - a book of Spatial Translocations

   Spells                             Type                      Level
   a - Apportation                    Translocation                1
   b - Blink                          Translocation                2
   c - Shroud of Golubria             Charms/Translocation         2
   d - Portal Projectile              Translocation                3
   e - Teleport Other                 Translocation                3
   f - Passage of Golubria            Translocation                4
Comestibles
 f - 3 bread rations
 l - a meat ration


   Skills:
 - Level 1.5 Fighting
 - Level 0.8 Throwing
 - Level 1.9 Dodging
 + Level 4.0 Unarmed Combat
 - Level 1.2 Spellcasting
 - Level 2.1 Translocations


You had 3 spell levels left.
You knew the following spells:

 Your Spells              Type           Power        Failure   Level  Hunger
a - Apportation           Tloc           #.........   14%         1    ##.....


Dungeon Overview and Level Annotations

Branches:
Dungeon (2/15)

Altars:


Innate Abilities, Weirdness & Mutations

You are too large for most types of armour.
You have claws for hands.
Your metabolism is lightning-fast.
You like to eat raw meat.
You heal very quickly.
You are covered in fur (AC +1).
You have very tough skin (AC +2).


Message History

You barely miss the gnoll.
The gnoll is lightly wounded.
The gnoll misses you.
You barely miss the gnoll.
The gnoll is lightly wounded.
The gnoll hits you but does no damage.
You scratch the gnoll.
The gnoll is heavily wounded.
The gnoll closely misses you.
You claw the gnoll!
You kill the gnoll!
Your Unarmed Combat skill increases to level 4!
Throwing (i - inventory. (,) - cycle):
g - 95 stones (quivered)
Press: ? - help, Shift-Dir - straight line, f - gnoll
Aim: a gnoll, wielding a flail You throw a stone.
The stone hits the gnoll but does no damage.
The gnoll hits you with a flail!
Ouch! That really hurt!
You die...

#.#.##.#.#).<#
#####.#..........#
#...#.#.##.#.#...#
#.#..........##.##
#...#......####...
##.######### ####
#..# #.## #@# #g#
#.# #w# ####(####
#.......# ...#.#.(
#.#####.#
###........ # #.#
#.....#.#..
#.###.....#.#.(


You could see a worm and a gnoll.

Vanquished Creatures
  2 gnolls (D:2)
  An adder (D:2)
  2 dart slugs (D:1)
  A giant gecko (D:2)
  2 giant cockroaches (D:1)
  3 goblins
  3 hobgoblins
  A kobold (D:1)
  2 bats (D:1)
  A giant newt (D:1)
  3 rats
21 creatures vanquished.

Notes
Turn   | Place    | Note
--------------------------------------------------------------
     0 | D:1      | abixa the Troll Warper began the quest for the Orb.
     0 | D:1      | Reached XP level 1. HP: 19/19 MP: 1/1
   230 | D:1      | Reached XP level 2. HP: 18/27 MP: 2/2
   552 | D:1      | Reached skill level 3 in Unarmed Combat
   817 | D:2      | Reached XP level 3. HP: 33/33 MP: 3/3
   872 | D:2      | Reached skill level 4 in Unarmed Combat
   873 | D:2      | Slain by a gnoll

Vault maps used:
D:1:      lemuel_arrival_behind_the_door_large
D:2:      nicolae_overflow_hidden_temple, lemuel_doored_altar,
          okawaru_gym_becter, first_bread, uniq_terence

Skill      XL: |  1  2  3 |
---------------+----------+-----
Unarmed Combat | 3 4 |  4.0
Fighting       | |  1.5
Throwing       | |  0.8
Dodging        | |  1.9
Spellcasting   | |  1.2
Translocations | |  2.1

Action                   || total
-------------------------++-------
Melee: Unarmed           ||    53
Throw: Stone             ||    10
  Eat: Chunk             ||    10
